 Dungeon Crawl Stone Soup version 0.28.0 (webtiles) character file.

Game seed: 17634799062157399761

7074 trckry the Comforter (level 11, -7/60 HPs)
             Began as a Kobold Gladiator on Feb 12, 2022.
             Was a Follower of Elyvilon.
             Killed by divine providence
             ... invoked by an orc priest
              (9 damage)
             ... on level 1 of the Orcish Mines.
             The game lasted 00:36:22 (11585 turns).

trckry the Comforter (Kobold Gladiator)            Turns: 11585, Time: 00:36:23

Health: -7/60      AC:  8    Str: 13    XL:     11   Next: 30%
Magic:  14/19      EV: 31    Int: 12    God:    Elyvilon [*.....]
Gold:   697        SH:  0    Dex: 17    Spells: 10/10 levels left

rFire   . . .      SeeInvis .   a - +0 rapier
rCold   + . .      Faith    .   (no shield)
rNeg    . . .      Spirit   .   H - +1 leather armour {rC+}
rPois   .          Reflect  .   t - +1 helmet
rElec   .          Harm     .   c - scarf {repulsion}
rCorr   .          Rampage  .   y - +0 pair of gloves
Will    .....                   D - +0 pair of boots
Stlth   +++++.....              w - amulet of the acrobat
HPRegen 0.20/turn               G - ring of flight
MPRegen 0.16/turn               (no ring)

@: acrobatic, flying, repel missiles
A: small, no large weapons, nightstalker 3
a: Renounce Religion, Purification


You were on level 1 of the Orcish Mines.
You worshipped Elyvilon.
Elyvilon was aware of your devotion.
You visited 3 branches of the dungeon, and saw 11 of its levels.
You also visited: Sewer.

You collected 697 gold pieces.

Inventory:

Hand Weapons
 a - a +0 rapier (weapon)
 b - a +2 short sword of flaming
Missiles
 d - a throwing net (quivered)
Armour
 c - a scarf of repulsion (worn)
 t - a +1 helmet (worn)
 y - a +0 pair of gloves (worn)
 D - a +0 pair of boots (worn)
 H - a +1 leather armour of cold resistance (worn)
Jewellery
 w - an amulet of the acrobat (around neck)
 G - a ring of flight (left hand)
Wands
 h - a wand of flame (16)
 k - a wand of polymorph (9)
Scrolls
 e - 3 scrolls of teleportation {unknown}
 f - 7 scrolls of identify {unknown}
 j - 3 scrolls of magic mapping {unknown}
 m - 3 scrolls of blinking
 o - a scroll of torment {unknown}
 q - a scroll of fear {unknown}
 r - a scroll of brand weapon {unknown}
 x - 2 scrolls of enchant weapon {unknown}
 A - a scroll of silence {unknown}
 B - 3 scrolls of fog {unknown}
 C - a scroll of vulnerability {unknown}
 F - a scroll of summoning {unknown}
Potions
 i - a potion of flight {unknown}
 l - a potion of invisibility {unknown}
 n - 2 potions of lignification {unknown}
 p - a potion of curing {unknown}
 s - a potion of resistance {unknown}
 u - 2 potions of haste {unknown}
 v - a potion of degeneration {unknown}
 z - a potion of cancellation {unknown}
 E - a potion of ambrosia {unknown}


   Skills:
 + Level 3.1 Fighting
 - Level 10.0 Short Blades
 - Level 2.1 Throwing
 + Level 4.5 Dodging
 + Level 10.4 Stealth
 * Level 11.5 Invocations
 + Level 8.8 Evocations


You had 10 spell levels left.
You didn't know any spells.
Your spell library contained the following spells:

 Spells                   Type           Power      Damage    Failure   Level
 Corpse Rot               Necr/Air       0%         N/A       54%         2
 Poisonous Vapours        Pois/Air       0%         N/A       54%         2
 Tukima's Dance           Hex            0%         N/A       77%         3
 Anguish                  Hex/Necr       0%         N/A       99%         4
 Dispel Undead            Necr           0%         3d6       99%         4
 Death Channel            Necr           0%         N/A       100%        6
 Enfeeble                 Hex            0%         N/A       100%        7


Dungeon Overview and Level Annotations

Branches:
Dungeon (9/15)             Temple (1/1) D:6             Orc (1/2) D:9
  Sewer (visited)
   Lair: D:8-11

Altars:
Ashenzari
Cheibriados
Dithmenos
Elyvilon
Fedhas
Gozag
Hepliaklqana
Kikubaaqudgha
Makhleb
Qazlal
Ru
Sif Muna
Trog
Uskayaw
Vehumet
Wu Jian
Xom
Yredelemnul
The Shining One

Annotations:
D:7 killer bees, exclusion: 6 doors
D:8 2 headed ogres, forest
Orc:1 Nergalle


Innate Abilities, Weirdness & Mutations

You are small and have problems with some larger weapons.
You are completely attuned to the shadows.


Message History

The orc misses you.
Nergalle the Soulbinder comes into view.
She is wielding a +0 dagger and carrying a wand of digging (5).
The orc completely misses you.
The orc warrior hits the orc with a +0 dire flail!
The orc dies!
Nergalle points at you and mumbles some strange words.
Orcish apparitions take form around you.
Okay, then.
Okay, then.
Unknown command.
The spectral orc knight hits you!
The orc warrior hits the spectral orc warrior with a +0 dire flail!
The spectral orc knight hits you!
* * * LOW HITPOINT WARNING * * *
You hear a shout!
You hear a howl!
You can now heal and attempt to pacify others.
You hear a shout! x2
A warg and an orc priest come into view.
The orc priest shouts!
You hear a shout!
You hear a zap.
Some rock shatters into small pieces.
An orc comes into view. It is wielding a +0 mace.
The orc priest mumbles some strange prayers to Beogh against you.
Beogh smites you!
* * * LOW HITPOINT WARNING * * *
Press: ? - help, Dir - move target, f - orc knight Heal: an orc knight, wielding a +0 bardiche and wearing a +0 plate armour (chance to pacify: 36%)
The light of Elyvilon fails to reach the orc knight.
You can no longer heal and attempt to pacify others.
Something hits the orc knight!!
An orc knight comes into view. It is wielding a +0 glaive.
The spectral orc warrior barely misses something.
The spectral orc knight barely misses you.
An orc comes into view. It is wielding a +0 flail.
Found 15 gold pieces.
The orc shouts!
You hear a shout!
An orc warrior comes into view. It is wielding a +0 war axe.
Something barely misses the orc knight.
The orc priest calls down the wrath of Beogh upon you.
Beogh smites you!
You die...

..$...... .....o....
.......o..
.......o..
....@hh......
..............
....Z#o#.o.....
......#........
#o#....Z.......
...#..o)).........
...#o.............
$..)...#...........
#..#.###............


You could see an orc knight, a spectral orc warrior (summoned), a spectral orc
knight (summoned), 2 wargs, an orc warrior, an orc priest and 2 orcs.

Vanquished Creatures
  Joseph (D:7)
  Prince Ribbit (D:6)
  Grinder (D:6)
  2 ice beasts
  An ogre (D:9)
  2 necrophages (D:5)
  3 centaurs
  3 phantoms
  3 bullfrogs
  A scorpion (D:6)
  A water moccasin zombie (D:7)
  A wyvern skeleton (D:6)
  2 killer bees (D:8)
  A wight (D:8)
  A howler monkey (D:6)
  2 centaur zombies
  A bullfrog skeleton (D:7)
  A centaur skeleton (D:6)
  A hound (D:4)
  2 orc priests
  3 iguanas
  Ijyb (D:3)
  A scorpion zombie (D:5)
  5 orc wizards
  A gnoll (D:9)
  4 adders
  A river rat (D:5)
  2 white imps
  An adder skeleton (D:4)
  3 worms
  4 dart slugs
  20 orcs
  13 ball pythons
  5 bats
  16 endoplasms
  14 giant cockroaches
  6 goblins
  6 hobgoblins
  2 jackals (D:1)
  12 quokkas
  9 frilled lizards
  6 kobolds
  9 rats
  A spectral orc (D:6)
176 creatures vanquished.

Vanquished Creatures (others)
  3 yaks (D:8)
  An orc warrior (D:9)
  2 ogres (D:9)
  4 kobold brigands (D:9)
  2 gnoll sergeants (D:9)
  A killer bee (D:8)
  4 wights (D:8)
  2 orc wizards (D:6)
  An adder (D:6)
  A gnoll (D:9)
  4 orcs
  A giant cockroach (Sewer)
  3 plants
  4 toadstools (D:1)
33 creatures vanquished.

Grand Total: 209 creatures vanquished

Notes
Turn   | Place    | Note
-------+----------+-------------------------------------------
     0 | D:1      | trckry the Kobold Gladiator began the quest for the Orb.
     0 | D:1      | Reached XP level 1. HP: 12/12 MP: 1/1
   208 | D:1      | Reached XP level 2. HP: 17/17 MP: 2/2
   255 | D:1      | Found a faded altar of an unknown god.
   346 | D:1      | Prayed at the altar of an unknown god.
   346 | D:1      | Became a worshipper of Elyvilon the Healer
   346 | D:1      | Reached * piety under Elyvilon
   377 | D:1      | Reached skill level 5 in Short Blades
  1071 | D:2      | Reached XP level 3. HP: 21/21 MP: 3/3
  1137 | D:2      | Reached skill level 1 in Stealth
  1219 | D:2      | Reached skill level 1 in Invocations
  1256 | D:2      | Reached ** piety under Elyvilon
  1540 | D:2      | Reached XP level 4. HP: 26/26 MP: 4/4
  1633 | D:2      | Found a snail-covered altar of Cheibriados.
  2288 | D:3      | Reached skill level 1 in Evocations
  2367 | D:3      | Found a shimmering altar of Xom.
  2443 | D:3      | Reached *** piety under Elyvilon
  2494 | D:3      | Noticed Ijyb
  2583 | D:3      | Killed Ijyb
  2584 | D:3      | Reached skill level 2 in Invocations
  2584 | D:3      | Reached XP level 5. HP: 28/30 MP: 6/6
  3052 | D:3      | Found an opulent altar of Gozag.
  3150 | D:4      | Found a hide-covered altar of Uskayaw.
  3210 | D:4      | Noticed a phantom
  3214 | D:4      | Noticed a phantom
  3235 | D:4      | Killed a phantom
  3236 | D:4      | Reached skill level 3 in Invocations
  3333 | D:4      | Reached XP level 6. HP: 35/35 MP: 8/8
  3533 | D:4      | Found a faded altar of an unknown god.
  3953 | D:4      | Found a faded altar of an unknown god.
  3955 | D:4      | Found a hazy altar of Hepliaklqana.
  4022 | D:5      | Entered Level 5 of the Dungeon
  4069 | D:5      | Reached skill level 4 in Invocations
  4069 | D:5      | Reached XP level 7. HP: 19/40 MP: 6/10
  4099 | D:5      | Found a glowing drain.
  4266 | Sewer    | Entered a sewer
  4769 | Sewer    | HP: 4/40 [frozen (5)]
  5095 | D:5      | Reached **** piety under Elyvilon
  5130 | D:5      | Noticed a steam dragon
  5132 | D:5      | Pacified a steam dragon
  5133 | D:5      | Reached skill level 5 in Invocations
  5157 | D:5      | Reached skill level 5 in Stealth
  5157 | D:5      | Reached XP level 8. HP: 44/44 MP: 5/11
  5423 | D:5      | Found a sacrificial altar of Ru.
  5998 | D:6      | Noticed Sigmund
  6004 | D:6      | Noticed Sigmund
  6004 | D:6      | Sigmund changed into Sigmund the ball python
  6005 | D:6      | Killed Sigmund the ball python
  6077 | D:6      | Reached skill level 6 in Invocations
  6509 | D:6      | Noticed Grinder
  6533 | D:6      | HP: 5/44 [Grinder/puff of flame (11)]
  6538 | D:6      | Killed Grinder
  6539 | D:6      | Reached skill level 5 in Evocations
  6539 | D:6      | Reached XP level 9. HP: 5/48 MP: 2/14
  6749 | D:6      | Reached skill level 7 in Invocations
  6840 | D:6      | Found a basalt altar of Yredelemnul.
  6957 | D:6      | Found a staircase to the Ecumenical Temple.
  6964 | Temple   | Entered the Ecumenical Temple
  7053 | D:6      | Found a shadowy altar of Dithmenos.
  7227 | D:6      | Noticed Prince Ribbit
  7236 | D:6      | Killed Prince Ribbit
  7244 | D:6      | Noticed a moth of wrath
  7251 | D:6      | Pacified a moth of wrath
  7252 | D:6      | Reached skill level 8 in Invocations
  7298 | D:6      | Found a bloodstained altar of Trog.
  8179 | D:7      | Noticed Joseph
  8182 | D:7      | Killed Joseph
  8183 | D:7      | Reached XP level 10. HP: 53/53 MP: 16/16
  8338 | D:8      | Reached skill level 9 in Invocations
  8961 | D:8      | Reached skill level 10 in Short Blades
  8983 | D:8      | Reached skill level 10 in Invocations
  8999 | D:8      | Noticed a two-headed ogre
  9494 | D:8      | Noticed a two-headed ogre
  9744 | D:9      | Found a shimmering blue altar of Sif Muna.
 10019 | D:9      | Noticed a boulder beetle
 10022 | D:9      | Pacified a boulder beetle
 10255 | D:9      | Found a staircase to the Orcish Mines.
 10330 | D:9      | Reached skill level 10 in Stealth
 10330 | D:9      | Reached XP level 11. HP: 18/57 MP: 1/19
 10401 | D:9      | Reached skill level 11 in Invocations
 10630 | D:9      | Found a broken altar of Ashenzari.
 10991 | Orc:1    | Entered Level 1 of the Orcish Mines
 11565 | Orc:1    | Noticed an orc knight
 11567 | Orc:1    | Noticed an orc sorcerer
 11568 | Orc:1    | Pacified an orc sorcerer
 11579 | Orc:1    | Noticed Nergalle
 11583 | Orc:1    | HP: 1/60 [orc priest/divine providence (12)]
 11584 | Orc:1    | Noticed an orc knight
 11585 | Orc:1    | Killed from afar by an orc priest

Illustrated notes

Levels and vault maps discovered:
D:1:      ldierk_walled_garden_2, layout_basic,
          hellmonk_ecumenical_altar_crossroads
D:2:      layout_loops_ring, basic_altar, dk_noncrumbling_4
D:3:      layout_basic, mainiacjoe_overflow_six_doors_small,
          mainiacjoe_overflow_concentric_impassable,
          minmay_misc_feat_nine_boxes, uniq_ijyb
D:4:      layout_loops_cross, lemuel_round_altar,
          nicolae_hepliaklqana_ecumenical_no_more, minivault_25
D:5:      layout_loops_ring, nicolae_ru_the_path_less_chosen,
          gup_sewer_entry_bowl, sigmund_army
D:6:      layout_basic, kennysheep_mini_moat, tgw_trog,
          yredelemnul_forgotten_temple_becter, minmay_temple_entry_overgrown,
          uniq_sigmund, uniq_prince_ribbit1, uniq_grinder
D:7:      layout_cave_pools, minmay_misc_feat_cross, eino_jars, uniq_joseph
D:8:      nzn_winding_woodlands_large [nzn_winding_woodlands_5x5_default,
          nzn_winding_woodlands_5x15_parted,
          nzn_winding_woodlands_5x5_perimeter,
          nzn_winding_woodlands_center_lodge,
          nzn_winding_woodlands_15x15_boxy_spiral,
          nzn_winding_woodlands_center_diamonds,
          nzn_winding_woodlands_5x5_closed_star,
          nzn_winding_woodlands_5x15_split_checker,
          nzn_winding_woodlands_hourglass], layout_loops_ring,
          grunt_ministairs_1
D:9:      layout_grid_maze, mainiacjoe_overflow_surrounded_room,
          nicolae_ashenzari_skybound, kennysheep_orc_monster_closet_entryway,
          minmay_microvault
Temple:   dpeg_three_leaves_temple
Orc:1:    layout_caves, uniq_nergalle

Skill      XL: |  1  2  3  4  5  6  7  8  9 10 11 |
---------------+----------------------------------+-----
Short Blades   | 5 6 7 9 10 | 10.0
Stealth        | 1 2 3 5 6 8 10 | 10.4
Invocations    | 1 2 3 4 5 6 8 10 11 | 11.5
Evocations     | 1 2 3 5 6 8 |  8.8
Dodging        | 4 |  4.5
Fighting       | 3 |  3.1
Throwing       | |  2.1

Action                   |  1- 3 |  4- 6 |  7- 9 | 10-12 || total
-------------------------+-------+-------+-------+-------++-------
Melee: Rapier            |    50 |   102 |   290 |   139 ||   581
       Punch             |     2 |       |     6 |     1 ||     9
       Unarmed           |       |     5 |       |       ||     5
Throw: Throwing net      |       |     1 |     1 |       ||     2
Invok: Heal Other        |       |     1 |    17 |    41 ||    59
       Heal Self         |       |       |     2 |       ||     2
Evoke: Wand              |       |    21 |    26 |    11 ||    58
 Stab: Sleeping          |    14 |    10 |    21 |     8 ||    53
       Held in net/web   |       |     2 |       |       ||     2
       Distracted        |       |       |     1 |       ||     1
Armor: Leather armour    |    12 |    20 |    40 |    24 ||    96
Dodge: Dodged            |    19 |    78 |   170 |    95 ||   362
       Repelled          |       |       |       |     2 ||     2
